 Dungeon Crawl Stone Soup version 0.31-a0-516-gfcb59812bd (webtiles) character file.

Game seed: 17568429102909845923

38 GordonOverkill the Sneak (level 3, -7/21 HPs)
             Began as a Vine Stalker Delver on Aug 10, 2023.
             Mangled by a shadow (8 damage)
             ... on level 5 of the Dungeon.
             The game lasted 00:01:08 (164 turns).

GordonOverkill the Sneak (Vine Stalker Delver)       Turns: 164, Time: 00:01:08

Health: -7/21      AC:  3    Str: 16    XL:     3   Next: 43%
Magic:  0/4        EV: 11    Int: 10    God:
Gold:   56         SH:  0    Dex: 15    Spells: 2/2 levels left

rFire   . . .        a - +0 short sword
rCold   . . .        (no shield)
rNeg    . . .        b - +0 leather armour
rPois   .            (no helmet)
rElec   .            (no cloak)
rCorr   .            (no gloves)
SInv    .            (no boots)
Will    .....        (no amulet)
Stlth   +++          (no ring)
HPRegen 0.23/turn    (no ring)
MPRegen 0.09/turn

%: guardian spirit
@: hasted, very quick
A: fangs 2, magic shield, antimagic bite, no potion heal 2
a: no special abilities


You were on level 5 of the Dungeon.
You visited 1 branch of the dungeon, and saw 2 of its levels.

You collected 56 gold pieces.

Inventory:

Hand Weapons
 a - a +0 short sword (weapon)
Armour
 b - a +0 leather armour (worn)
Wands
 g - a wand of digging (3)
Scrolls
 c - a scroll of fog
 d - a scroll of revelation
Potions
 h - a potion of ambrosia {unknown}
 i - a potion of degeneration {unknown}
 j - a potion of invisibility {unknown}
 k - a potion of curing {unknown}


   Skills:
 + Level 4.0 Fighting
 - Level 1.7 Short Blades
 - Level 1.5 Dodging
 - Level 6.0 Stealth


You had 2 spell levels left.
You didn't know any spells.
Your spell library was empty.

Dungeon Overview and Level Annotations

Branches:
Dungeon (6/15)
 Temple: D:4-7

Altars:

Annotations:
D:5 Edmund


Innate Abilities, Weirdness & Mutations

You have extremely sharp teeth.
When hurt, damage is shared between your health and your magic reserves.
Your bite disrupts and absorbs the magic of your enemies.
Potions cannot restore your health.


Message History

Your experience leads to an increase in your attributes!
Increase (S)trength, (I)ntelligence, or (D)exterity?
You feel stronger. x2
The shadow strikes at you from the darkness!
Reactivating autopickup.
You see here the -2 helmet of Floral New Discoveries {rPois rC+ rN+ Stlth-}.
The shadow slips into darkness.
The shadow flickers and vanishes!
Deactivating autopickup; reactivate with Ctrl-A.
Edmund the Younger comes into view.
He is wielding a +1 flail of draining and wearing a +2 scale mail of cold resistance.
Found 7 gold pieces.
Edmund shouts!
Found a metallic purple potion.
A centaur comes into view.
As you read the scroll of fear, it crumbles to dust.
You assume a fearsome visage.
The centaur looks frightened!
The centaur shouts!
You hear an angry hiss.
You hit something but do no damage.
The shadow strikes at you from the darkness!
* * * LOW HITPOINT WARNING * * *
Reactivating autopickup.
You hit the shadow but do no damage. You bite the shadow, but do no damage.
You hit the shadow but do no damage. You bite the shadow, but do no damage.
The shadow misses you.
You closely miss the shadow. Your bite misses the shadow.
The shadow slips into darkness.
The shadow flickers and vanishes!
Deactivating autopickup; reactivate with Ctrl-A.
You hit something. Your bite misses something.
An adder comes into view.
You hit something but do no damage. Your bite misses something.
The shadow strikes at you from the darkness!
* * * LOW HITPOINT WARNING * * *
Reactivating autopickup.
You barely miss the shadow. Your bite misses the shadow.
The shadow is lightly damaged.
You hit the shadow but do no damage. Your bite misses the shadow.
The shadow is lightly damaged.
The shadow hits you!
You die...

.# ..# !.. ..#
... #.# ##.# #.#
...##.#
#..#.#######
#S......... #@#
#W# #@# #.#
##.#### #
#.....#
#.##.#.#.# #
####.#......#.#
..#
........#.#...##
...


You could see Edmund, a shadow and an adder.

Vanquished Creatures
  A hound (D:5)
  A shadow imp (D:6)
2 creatures vanquished.

Notes
Turn   | Place    | Note
-------+----------+-------------------------------------------
     0 | D:5      | GordonOverkill the Vine Stalker Delver began the quest for
                  | the Orb.
     0 | D:5      | Reached XP level 1. HP: 11/11 MP: 2/2
     1 | D:6      | Noticed a killer bee
     1 | D:6      | Noticed a killer bee
     1 | D:6      | Noticed a killer bee
    13 | D:6      | Noticed an orc wizard
    22 | D:6      | Reached XP level 2. HP: 16/16 MP: 3/3
   122 | D:5      | Noticed a shadow
   133 | D:5      | Reached XP level 3. HP: 9/21 MP: 4/4
   137 | D:5      | Identified the -2 helmet of Floral New Discoveries {rPois
                  | rC+ rN+ Stlth-}
   145 | D:5      | Noticed Edmund
   155 | D:5      | Noticed a centaur
   162 | D:5      | HP: 1/21 [something (10)]
   164 | D:5      | Mangled by a shadow

Illustrated notes

Levels and vault maps discovered:
D:5:      layout_loops_ring, serial_glass, glass_columns_a, glass_columns_a,
          glass_columns_c, glass_columns_a, glass_columns_c, glass_columns_b,
          kb_lookout_dungeons_type, sigmund_army, uniq_edmund, uniq_eustachio
D:6:      layout_loops_ring

Skill      XL: |  1  2 |
---------------+-------+-----
Fighting       | 3 4 |  4.0
Short Blades   | |  1.7
Dodging        | |  1.5
Stealth        | |  6.0

Action                     || total
---------------------------++-------
  Melee: Short sword       ||    17
         Bite              ||     4
    Use: Potion            ||     1
         Scroll            ||     1
   Stab: Sleeping          ||     1
 Armour: Leather armour    ||     1
  Dodge: Dodged            ||     2

Table legend: (Time is in decaauts)
 A = Elapsed time spent in this place.
 B = Non-inter-level travel time spent in this place.
 C = Inter-level travel time spent in this place.
 D = Time resting spent in this place.
 E = Time spent auto-exploring this place.
 F = Levels seen in this place.
 G = Mean time per level.
                   A        B        C        D        E       F      G
               +--------+--------+--------+--------+--------+-----+--------+
         Total |    150 |    150 |      0 |      0 |      0 |   2 |   75.0 |
       Dungeon |    150 |    150 |      0 |      0 |      0 |   2 |   75.0 |
               +--------+--------+--------+--------+--------+-----+--------+

Top non-repeatable levels by time:
     D:6: 87 daAuts
     D:5: 62 daAuts
